 Dungeon Crawl Stone Soup version 0.22.0-16-gc6d26f6 (webtiles) character file.

304 Amnesiac the Gusty (level 6, -5/41 HPs)
             Began as a Mummy Air Elementalist on Aug 18, 2018.
             Slain by Blork the orc
             ... wielding a +0 dire flail
              (9 damage)
             ... on level 5 of the Dungeon.
             The game lasted 00:03:47 (1463 turns).

Amnesiac the Gusty (Mummy Air Elementalist)         Turns: 1463, Time: 00:03:48

Health: -5/41      AC:  5    Str: 11    XL:     6   Next: 15%
Magic:  6/13       EV: 11    Int: 17    God:
Gold:   37         SH:  0    Dex: 12    Spells: 7/14 levels left

rFire    x . .     SeeInvis .   (no weapon)
rCold    + . .     Gourm    .   (no shield)
rNeg     + + +     Faith    .   j - +0 troll leather armour {Purgy}
rPois    ∞         Spirit   .   g - +0 helmet
rElec    .         Reflect  .   (no cloak)
rCorr    .         Harm     .   (no gloves)
MR       .....                  (no boots)
Stlth    ++........             (no amulet)
HPRegen  0.53/turn              h - ring of stealth
MPRegen  0.13/turn              (no ring)

@: very slightly contaminated
A: no food or potions, fire vulnerability, cold resistance 1, negative energy
resistance 3, torment resistance, unbreathing
a: no special abilities


You were on level 5 of the Dungeon.
You were not hungry.

You visited 1 branch of the dungeon, and saw 6 of its levels.
You also visited: Sewer.

You collected 37 gold pieces.

Inventory:

Hand Weapons
 d - a +0 blowgun
Missiles
 e - 18 poisoned needles
Armour
 g - a +0 helmet (worn)
 j - a +0 troll leather armour (worn) {Purgy}
Jewellery
 h - a ring of stealth (left hand)
Scrolls
 b - a scroll of immolation {!r, unknown}
 c - 2 scrolls of identify {!r, unknown}
 f - a scroll of remove curse {!r, unknown}
 i - 2 scrolls of teleportation {!r, unknown}


   Skills:
 - Level 1.5 Dodging
 - Level 1.5 Stealth
 + Level 4.9 Spellcasting
 - Level 0.7 Conjurations
 * Level 4.9 Air Magic


You had 7 spell levels left.
You knew the following spells:

 Your Spells              Type           Power        Failure   Level  Hunger
a - Shock                 Conj/Air       ##..         6%          1    N/A
d - Airstrike             Air            ###.......   24%         4    N/A
z - Swiftness             Chrm/Air       ##......     11%         2    N/A

Your spell library contained the following spells:

 Spells                   Type           Power        Failure   Level  Hunger
 Lightning Bolt           Conj/Air       ##........   85%         5    N/A
 Static Discharge         Conj/Air       ##......     17%         3    N/A

Dungeon Overview and Level Annotations

Branches:
Dungeon (6/15)
 Temple: D:4-7

Altars:

Annotations:
D:5 Blork the orc


Innate Abilities, Weirdness & Mutations

You do not eat or drink.
Your flesh is vulnerable to fire.
You are immune to poison.
Your flesh is cold resistant. (rC+)
You are immune to negative energy. (rN+++)
You are immune to unholy pain and torment.
You can survive without breathing.


Message History

Your skin glows momentarily.
Blork the orc hits you but does no damage.
Unknown command.
Casting: Shock (safe; 6% risk of failure)
Confirm with . or Enter, or press ? or * to list all spells.
Aiming: Shock (safe; 6% risk of failure)
Press: ? - help, Shift-Dir - straight line, f/p - Blork the orc
Aim: Blork the orc, wielding a dire flail and wearing a robe The zap hits Blork the orc.
Blork the orc is lightly wounded.
The zap hits Blork the orc.
Blork the orc is lightly wounded.
Blork the orc begins to cast a cantrip, but forgets the words!
Unknown command.
Casting: Shock (safe; 6% risk of failure)
Confirm with . or Enter, or press ? or * to list all spells.
Aiming: Shock (safe; 6% risk of failure)
Press: ? - help, Shift-Dir - straight line, f/p - Blork the orc
Aim: Blork the orc, wielding a dire flail and wearing a robe (lightly wounded)
The zap hits Blork the orc.
Blork the orc is lightly wounded.
The zap hits Blork the orc.
Blork the orc is lightly wounded.
Blork the orc gestures at you while chanting.
The puff of flame hits you! The fire burns you terribly!
Casting: Shock (safe; 6% risk of failure)
Confirm with . or Enter, or press ? or * to list all spells.
Aiming: Shock (safe; 6% risk of failure)
Press: ? - help, Shift-Dir - straight line, f/p - Blork the orc
Aim: Blork the orc, wielding a dire flail and wearing a robe (lightly wounded)
The zap misses Blork the orc.
The zap hits Blork the orc.
Blork the orc is moderately wounded.
Blork the orc casts a spell at you. The puff of flame hits you!
The fire burns you terribly!
* * * LOW HITPOINT WARNING * * *
Casting: Shock (safe; 6% risk of failure)
Confirm with . or Enter, or press ? or * to list all spells.
Aiming: Shock (safe; 6% risk of failure)
Press: ? - help, Shift-Dir - straight line, f/p - Blork the orc
Aim: Blork the orc, wielding a dire flail and wearing a robe (moderately wounded)
The zap misses Blork the orc.
The zap hits Blork the orc.
Blork the orc is moderately wounded.
Blork the orc closely misses you.
Casting: Shock (safe; 6% risk of failure)
Confirm with . or Enter, or press ? or * to list all spells.
Aiming: Shock (safe; 6% risk of failure)
Press: ? - help, Shift-Dir - straight line, f/p - Blork the orc
Aim: Blork the orc, wielding a dire flail and wearing a robe (moderately wounded)
The zap hits Blork the orc.
Blork the orc is moderately wounded.
The zap hits Blork the orc.
Blork the orc is heavily wounded.
Blork the orc hits you with a dire flail.
* * * LOW HITPOINT WARNING * * *
Casting: Shock (safe; 6% risk of failure)
Confirm with . or Enter, or press ? or * to list all spells.
Aiming: Shock (safe; 6% risk of failure)
Press: ? - help, Shift-Dir - straight line, f/p - Blork the orc
Aim: Blork the orc, wielding a dire flail and wearing a robe (heavily wounded)
The zap hits Blork the orc.
Blork the orc is heavily wounded.
The zap misses Blork the orc.
Blork the orc hits you with a dire flail!
You die...

.. #.# #..###
#####.....#
.######.........#
...##............
#.......o.......
##.......@.......
##................
##.................
#..................
#..................
#..................
###............####
###....>.....#
###..<....##


You could see Blork the orc.

Vanquished Creatures
  Purgy (Sewer)
  A howler monkey (D:4)
  A hound (D:4)
  2 worker ants (D:4)
  5 adders
  2 river rats (D:4)
  2 worms (D:4)
  2 leopard geckos
  An orc (D:4)
  A bat (D:1)
  A giant cockroach (Sewer)
  A hobgoblin (D:3)
  4 jackals (D:4)
  5 kobolds
  2 frilled lizards
  6 rats (D:4)
37 creatures vanquished.

Notes
Turn   | Place    | Note
-------+----------+-------------------------------------------
     0 | D:1      | Amnesiac the Mummy Air Elementalist began the quest for the Orb.
     0 | D:1      | Reached XP level 1. HP: 13/13 MP: 4/4
   397 | D:3      | Reached XP level 2. HP: 17/19 MP: 0/6
   447 | D:3      | Learned a level 2 spell: Swiftness
   464 | D:4      | Noticed a howler monkey
   481 | D:4      | Killed a howler monkey
   481 | D:4      | Reached XP level 3. HP: 13/24 MP: 1/8
   580 | D:4      | Reached XP level 4. HP: 13/30 MP: 0/9
   774 | D:4      | Learned a level 4 spell: Airstrike
   858 | D:4      | Reached XP level 5. HP: 16/35 MP: 6/11
   978 | D:4      | Found a glowing drain.
   985 | Sewer    | Entered a sewer
  1167 | Sewer    | Noticed Purgy
  1177 | Sewer    | HP: 1/35 [Purgy (2)]
  1178 | Sewer    | Killed Purgy
  1326 | D:4      | Reached XP level 6. HP: 39/41 MP: 8/13
  1428 | D:5      | Entered Level 5 of the Dungeon
  1453 | D:5      | Noticed Blork the orc
  1463 | D:5      | Slain by Blork the orc

Skill      XL: |  1  2  3  4 |
---------------+-------------+-----
Spellcasting   | 3 4 |  4.9
Air Magic      | 3 4 |  4.9
Dodging        | |  1.5
Stealth        | |  1.5
Conjurations   | |  0.7

Action                   |  1- 3 |  4- 6 || total
-------------------------+-------+-------++-------
Melee: Unarmed           |       |     5 ||     5
 Cast: Shock             |    31 |    78 ||   109
Armor: Robe              |       |    14 ||    14
       Troll leather arm |       |    10 ||    10
Dodge: Dodged            |    14 |    46 ||    60
